 Dungeon Crawl Stone Soup version 0.21.1-1-g345015f (webtiles) character file.

283 tidbits the Insei (level 6, -2/47 HPs)
             Began as a Gnoll Transmuter on Mar 15, 2018.
             Killed by divine providence
             ... invoked by an orc priest
              (11 damage)
             ... on level 3 of the Dungeon.
             The game lasted 00:05:58 (605 turns).

tidbits the Insei (Gnoll Transmuter)                 Turns: 605, Time: 00:05:59

Health: -2/47      AC:  2    Str: 18    XL:     6   Next: 28%
Magic:  6/14       EV: 24    Int: 17    God:
Gold:   105        SH:  0    Dex: 20    Spells: 9/15 levels left

rFire    . . .     SeeInvis .     - Unarmed
rCold    . . .     Gourm    +   (shield currently unavailable)
rNeg     . . .     Faith    .   (armour currently unavailable)
rPois    x         Spirit   .   (helmet currently unavailable)
rElec    .         Reflect  .   (cloak currently unavailable)
rCorr    .         Harm     .   (gloves currently unavailable)
MR       .....                  (boots currently unavailable)
Stlth    ++........             p - amulet of the gourmand
HPRegen  0.15/turn              (no ring)
MPRegen  0.14/turn              (no ring)

@: mighty, spider-form (expiring), very slightly contaminated
A: tiny, distributed training, strong nose
a: End Transformation


You were on level 3 of the Dungeon.
You were not hungry.
You were a venomous arachnid creature.
You visited 1 branch of the dungeon, and saw 5 of its levels.

You collected 105 gold pieces.

Inventory:

Hand Weapons
 b - a +0 short sword
 l - a +0 war axe
Missiles
 a - 35 arrows
 j - 17 bolts
 k - 16 sling bullets
 o - 7 exploding tomahawks (quivered)
Armour
 B - a +0 robe (melded)
 C - a +0 cloak (melded)
 E - a +0 helmet (melded)
Jewellery
 p - an amulet of the gourmand (around neck)
   (You found it on level 4 of the Dungeon)
Scrolls
 e - a scroll of teleportation {unknown}
 f - 2 scrolls of blinking {unknown}
 i - a scroll of magic mapping {unknown}
 m - a scroll of identify {unknown}
 n - a scroll of enchant weapon {unknown}
Potions
 r - a potion of lignification {unknown}
Books
 d - a book of Changes

   Spells                             Type                      Level
   a - Beastly Appendage              Transmutation                1
   b - Sticks to Snakes               Transmutation                2
   c - Spider Form                    Transmutation/Poison         3
   d - Ice Form                       Ice/Transmutation            4
   e - Blade Hands                    Transmutation                5
Comestibles
 c - 5 rations


   Skills:
 + Level 3.2 Fighting
 + Level 1.8 Short Blades
 + Level 1.8 Long Blades
 + Level 1.8 Axes
 + Level 1.8 Maces & Flails
 + Level 1.8 Polearms
 + Level 1.8 Staves
 + Level 1.8 Slings
 + Level 1.8 Bows
 + Level 1.8 Crossbows
 + Level 1.8 Throwing
 + Level 1.8 Armour
 + Level 4.9 Dodging
 + Level 1.8 Stealth
 + Level 1.8 Shields
 + Level 6.8 Unarmed Combat
 + Level 5.3 Spellcasting
 + Level 1.4 Conjurations
 + Level 1.4 Hexes
 + Level 1.4 Charms
 + Level 1.4 Summonings
 + Level 1.4 Necromancy
 + Level 1.4 Translocations
 + Level 4.1 Transmutations
 + Level 1.4 Fire Magic
 + Level 1.4 Ice Magic
 + Level 1.4 Air Magic
 + Level 1.4 Earth Magic
 + Level 1.4 Poison Magic
 + Level 2.0 Invocations
 + Level 1.8 Evocations


You had 9 spell levels left.
You knew the following spells:

 Your Spells              Type           Power        Failure   Level  Hunger
e - Beastly Appendage     Tmut           ###...       10%         1    None
k - Sticks to Snakes      Tmut           ###.....     12%         2    #......
p - Spider Form           Tmut/Pois      ##........   30%         3    ##.....


Dungeon Overview and Level Annotations

Branches:
Dungeon (5/15)
 Temple: D:4-7

Altars:


Innate Abilities, Weirdness & Mutations

Your experience applies equally to all skills.
((You have very sharp teeth.))
Your uncanny sense of smell can sniff out nearby items.


Message History

The phantom is moderately damaged.
The phantom misses you.
You bite the phantom!
The phantom is heavily damaged.
The phantom barely misses you.
You barely miss the phantom.
The phantom is heavily damaged.
The phantom completely misses you.
You barely miss the phantom.
The phantom is heavily damaged.
The phantom hits you.
The phantom blinks!
Your transformation is almost over.
The phantom blinks!
The orc completely misses you.
You barely miss the orc. The orc completely misses you.
You barely miss the orc. The orc completely misses you.
You bite the orc!
You kill the orc!
The orc priest invokes the aid of Beogh against you.
Beogh smites you!
* * * LOW HITPOINT WARNING * * *
You hear a shout!
You hit the orc.
The orc is poisoned.
The orc is severely wounded.
You kill the orc!
You barely miss the orc. The orc closely misses you.
You barely miss the orc.
The phantom blinks!
The orc misses you.
You bite the orc!
You kill the orc!
Items here: ))) [[ † Unknown command.
You barely miss the orc priest.
The orc priest begins to cast a cantrip, but forgets the words!
You hit the orc priest.
The orc priest is poisoned.
The orc priest is lightly wounded.
Your transformation has ended.
Your +0 cloak unmelds from your body.
Your +0 helmet unmelds from your body.
Your +0 robe unmelds from your body.
The orc priest misses you.
Casting: Spider Form
Confirm with . or Enter, or press ? or * to list all spells.
You turn into a venomous arachnid creature.
Your +0 cloak melds into your body.
Your +0 helmet melds into your body.
Your +0 robe melds into your body.
The orc priest hits you with a hand axe.
* * * LOW HITPOINT WARNING * * *
You bite the orc priest!
You kill the orc priest!
Your Transmutations skill increases to level 4!
It was a potion of cancellation.
Your magical effects are unravelling.
You feel magically purged.
Your transformation has ended.
Your +0 cloak unmelds from your body.
Your +0 helmet unmelds from your body.
Your +0 robe unmelds from your body.
Okay, then.
Casting: Spider Form
Confirm with . or Enter, or press ? or * to list all spells.
You miscast Spider Form.
You are very lightly contaminated with residual magic.
You feel mildly nauseous. The phantom hits you.
* * * LOW HITPOINT WARNING * * *
The phantom blinks!
Casting: Spider Form
Confirm with . or Enter, or press ? or * to list all spells.
You turn into a venomous arachnid creature.
Your +0 cloak melds into your body.
Your +0 helmet melds into your body.
Your +0 robe melds into your body.
The orc closely misses you.
You hit the orc but do no damage. You hit the orc but do no damage.
The orc is poisoned.
The orc misses you.
You bite the orc!
You kill the orc!
It was a potion of might.
You feel very mighty all of a sudden.
You bite the phantom!
The phantom is severely damaged.
The phantom blinks!
Items here: )) [[ ††
Okay, then.
You maul the phantom!!
You destroy the phantom!
Your Invocations skill increases to level 2!
You have reached level 6!
Your experience leads to an increase in your attributes!
Your base attributes are Str 13, Int 16, Dex 15.
Increase (S)trength, (I)ntelligence, or (D)exterity?
You feel clever.
Items here: )) [[ ††
Items here: ))) [[ †
Found 9 gold pieces.
Your transformation is almost over.
You see here a ration.
c - 5 rations (gained 1)
Found an escape hatch in the ceiling.
There is a stone staircase leading up here.
You climb upwards. 2 orcs and 3 orc priests come into view.
An orc priest is wielding a dagger of electrocution.
The orc priest shouts!
The orc shouts!
The orc priest invokes the aid of Beogh against you.
Beogh smites you!
You die...

....# ...
.####.... .
#.#
..........
. ...
....##.....
#.#o# †...#
...##o#.#
#####
....o.#o#
......
........#
#####.
........#
#...os#
#...### #..
#. #


You could see 3 orc priests and 2 orcs.

Vanquished Creatures
  A phantom (D:4)
  2 howler monkeys (D:4)
  A hound (D:4)
  An orc priest (D:4)
  An adder (D:4)
  A howler monkey skeleton (D:4)
  An adder skeleton (D:4)
  A worm (D:3)
  A dart slug (D:2)
  A leopard gecko (D:3)
  6 orcs
  A giant cockroach (D:2)
  3 goblins
  3 hobgoblins
  2 jackals (D:4)
  2 bats
  2 frilled lizards
  3 kobolds
  2 rats
35 creatures vanquished.

Notes
Turn   | Place    | Note
-------+----------+-------------------------------------------
     0 | D:1      | tidbits the Gnoll Transmuter began the quest for the Orb.
     0 | D:1      | Reached XP level 1. HP: 17/17 MP: 6/6
   141 | D:2      | Reached XP level 2. HP: 20/23 MP: 7/7
   152 | D:2      | Learned a level 2 spell: Sticks to Snakes
   315 | D:3      | Reached XP level 3. HP: 19/28 MP: 5/9
   324 | D:3      | Reached skill level 5 in Spellcasting
   329 | D:3      | Learned a level 3 spell: Spider Form
   403 | D:4      | Reached skill level 1 in Invocations
   405 | D:4      | Reached skill level 1 in Short Blades
   405 | D:4      | Reached skill level 1 in Long Blades
   405 | D:4      | Reached skill level 1 in Axes
   405 | D:4      | Reached skill level 1 in Maces & Flails
   405 | D:4      | Reached skill level 1 in Polearms
   405 | D:4      | Reached skill level 1 in Staves
   405 | D:4      | Reached skill level 1 in Slings
   405 | D:4      | Reached skill level 1 in Bows
   405 | D:4      | Reached skill level 1 in Crossbows
   405 | D:4      | Reached skill level 1 in Throwing
   405 | D:4      | Reached skill level 1 in Armour
   405 | D:4      | Reached skill level 1 in Stealth
   405 | D:4      | Reached skill level 1 in Shields
   405 | D:4      | Reached skill level 1 in Evocations
   405 | D:4      | Reached XP level 4. HP: 26/34 MP: 9/11
   415 | D:4      | Reached skill level 1 in Conjurations
   415 | D:4      | Reached skill level 1 in Hexes
   415 | D:4      | Reached skill level 1 in Charms
   415 | D:4      | Reached skill level 1 in Summonings
   415 | D:4      | Reached skill level 1 in Necromancy
   415 | D:4      | Reached skill level 1 in Translocations
   415 | D:4      | Reached skill level 1 in Fire Magic
   415 | D:4      | Reached skill level 1 in Ice Magic
   415 | D:4      | Reached skill level 1 in Air Magic
   415 | D:4      | Reached skill level 1 in Earth Magic
   415 | D:4      | Reached skill level 1 in Poison Magic
   415 | D:4      | Reached XP level 5. HP: 26/40 MP: 7/12
   504 | D:5      | Entered Level 5 of the Dungeon
   517 | D:4      | Noticed a phantom
   527 | D:4      | Reached skill level 3 in Fighting
   580 | D:4      | Reached skill level 4 in Transmutations
   591 | D:4      | Killed a phantom
   591 | D:4      | Reached skill level 2 in Invocations
   591 | D:4      | Reached XP level 6. HP: 7/47 MP: 4/14
   605 | D:3      | Killed from afar by an orc priest

Skill      XL: |  1  2  3  4  5 |
---------------+----------------+-----
Spellcasting   | 5 |  5.3
Invocations    | 1 2 |  2.0
Short Blades   | 1 |  1.8
Long Blades    | 1 |  1.8
Axes           | 1 |  1.8
Maces & Flails | 1 |  1.8
Polearms       | 1 |  1.8
Staves         | 1 |  1.8
Slings         | 1 |  1.8
Bows           | 1 |  1.8
Crossbows      | 1 |  1.8
Throwing       | 1 |  1.8
Armour         | 1 |  1.8
Stealth        | 1 |  1.8
Shields        | 1 |  1.8
Evocations     | 1 |  1.8
Conjurations   | 1 |  1.4
Hexes          | 1 |  1.4
Charms         | 1 |  1.4
Summonings     | 1 |  1.4
Necromancy     | 1 |  1.4
Translocations | 1 |  1.4
Fire Magic     | 1 |  1.4
Ice Magic      | 1 |  1.4
Air Magic      | 1 |  1.4
Earth Magic    | 1 |  1.4
Poison Magic   | 1 |  1.4
Fighting       | 3 |  3.2
Transmutations | 4 |  4.1
Dodging        | |  4.9
Unarmed Combat | |  6.8

Action                   |  1- 3 |  4- 6 || total
-------------------------+-------+-------++-------
Melee: Unarmed           |    67 |    43 ||   110
       Kick              |     5 |       ||     5
       Bite              |     5 |       ||     5
 Cast: Beastly Appendage |    10 |       ||    10
       Sticks to Snakes  |     1 |     2 ||     3
       Spider Form       |     1 |     5 ||     6
  Use: Potion            |       |     3 ||     3
 Stab: Sleeping          |     2 |       ||     2
Armor: Robe              |     5 |     2 ||     7
       Skin              |     1 |       ||     1
Dodge: Dodged            |    37 |    26 ||    63

Table legend:
 A = Turns spent in this place as a percentage of turns spent in the entire game.
 B = Non-inter-level travel turns spent in this place as a percentage of non-inter-level travel turns spent in the entire game.
 C = Inter-level travel turns spent in this place as a percentage of turns spent in this place.
 D = Turns resting spent in this place as a percentage of non-inter-level travel turns spent in this place.
 E = Turns spent auto-exploring this place as a percentage of non-inter-level travel turns spent in this place.
 F = Non-inter-level travel turns spent in this place divided by the number of levels of this place that you've seen.
                   A       B       C       D       E      F
               +-------+-------+-------+-------+-------+----------------------
         Total | 100.0 | 100.0 |   0.0 |   0.0 |   0.0 | 121.0
       Dungeon | 100.0 | 100.0 |   0.0 |   0.0 |   0.0 | 121.0
               +-------+-------+-------+-------+-------+----------------------

Table legend:
 A = Kills in this place as a percentage of kills in entire the game.
 B = Kills by you in this place as a percentage of kills by you in the entire game.
 C = Kills by friends in this place as a percentage of kills by friends in the entire game.
 D = Other kills in this place as a percentage of other kills in the entire game.
 E = Experience gained in this place as a percentage of experience gained in the entire game.
 F = Experience gained in this place divided by the number of levels of this place that you have seen.
                   A       B       C       D       E      F
               +-------+-------+-------+-------+-------+----------------------
         Total | 100.0 | 100.0 |   N/A |   N/A | 100.0 |  81.0
       Dungeon | 100.0 | 100.0 |   N/A |   N/A | 100.0 |  81.0
               +-------+-------+-------+-------+-------+----------------------

Vault maps used:
D:1:      matt_arrival_grand_opening
D:2:      wad_crossroads, minivault_23, grunt_ministairs_8, st_stairs_9,
          minmay_splitting_lines, dk_noncrumbling_4, uniq_sigmund
D:3:      grunt_ministairs_5, minmay_stone_trees_medium, roderic_roman_lattice
D:4:      first_ration
D:5:      minmay_temple_entry_statues, nicolae_qazlal_style_of_elements,
          uniq_pikel
